AoeStats
← Smiley

African Clearing

510832955Analyzed
2v2 RM · 7h ago on Oct 2, 2026· 60m 58s· 4 players
Game mode
Random Map
Map size
Medium (4 player)
Population
200
Speed
Normal
Resources
Standard
Victory
Conquest
Starting age
Dark Age
Ending age
Imperial Age
RankedLock teamsTeams togetherTeam positionsShared explorationLock speedFull tech treeHidden civsTurbo modeCheats
Victory
Defeat
🇩🇪 Vietnamese · Germany
1026
+15
🇩🇪 Teutons · Germany
1026
+15
🇷🇸 Ethiopians · Serbia
1010
-15
🇵🇪 Magyars · Peru
996
-15
Vane
14:06 Feudal Age
12:21 Loom
14:49 Double-Bit Axe
18:44 Fletching
19:00 Scale Barding Armor
21:34 Castle Age
26:50 Horse Collar
30:35 Bow Saw
33:32 Wheelbarrow
36:50 Corvinian Army
37:34 Gold Mining
37:46 Murder Holes
42:34 Imperial Age
41:08 Stone Mining
42:40 Bodkin Arrow
43:07 Chain Barding Armor
43:49 Bracer
48:20 Hand Cart
49:42 Elite Magyar Huszar
50:21 Elite Magyar Huszar
51:58 Gold Shaft Mining
52:48 Chemistry
54:03 Two-Man Saw
56:57 Chemistry
59:17 Heavy Plow
Smiley
4:13 Loom
12:49 Feudal Age
13:23 Horse Collar
13:33 Double-Bit Axe
17:15 Wheelbarrow
17:13 Gold Mining
20:49 Castle Age
19:18 Padded Archer Armor
20:43 Fletching
21:50 Squires
22:09 Crossbowman
23:44 Bodkin Arrow
24:00 Forging
25:52 Thumb Ring
27:24 Scale Mail Armor
28:39 Leather Archer Armor
30:18 Gold Shaft Mining
30:19 Chain Mail Armor
37:44 Imperial Age
36:48 Hand Cart
36:42 Stone Mining
38:34 Heavy Plow
39:49 Ring Archer Armor
40:29 Conscription
39:47 Arbalester
42:04 Royal Heirs
42:09 Bracer
41:57 Elite Skirmisher
43:47 Hand Cart
47:02 Chemistry
46:29 Ballistics
55:07 Royal Heirs
60:17 Plate Mail Armor
60:30 Iron Casting
Clickmonkey
6:09 Loom
13:43 Feudal Age
15:31 Wheelbarrow
23:23 Castle Age
23:28 Gold Mining
24:21 Hand Cart
24:47 Husbandry
24:59 Bloodlines
24:10 Light Cavalry
29:37 Horse Collar
30:14 Double-Bit Axe
30:48 Fletching
34:07 Bodkin Arrow
35:23 Thumb Ring
38:03 Heavy Plow
39:28 Bow Saw
41:22 Padded Archer Armor
42:11 Squires
46:27 Imperial Age
44:50 Leather Archer Armor
45:07 Scale Mail Armor
45:17 Forging
45:58 Stone Mining
48:59 Ballistics
48:03 Onager
48:38 Heavy Cavalry Archer
52:04 Ring Archer Armor
51:34 Bracer
54:35 Two-Man Saw
57:52 Town Watch
TRex
10:30 Loom
17:17 Feudal Age
19:10 Forging
19:01 Scale Mail Armor
18:53 Fletching
22:33 Double-Bit Axe
22:44 Stone Mining
26:23 Castle Age
24:19 Horse Collar
27:00 Bodkin Arrow
27:05 Padded Archer Armor
27:42 Iron Casting
31:37 Pikeman
32:53 Elite Skirmisher
41:19 Imperial Age
39:57 Scale Barding Armor
39:57 Squires
39:43 Arson
40:00 Town Watch
40:51 Wheelbarrow
40:54 Bloodlines
41:31 Leather Archer Armor
42:51 Heavy Plow
43:59 Imperial Skirmisher
46:09 Conscription
46:10 Crenellations
47:56 Cavalier
50:55 Ironclad
51:21 Chain Barding Armor
52:41 Plate Barding Armor
53:07 Blast Furnace
53:12 Chain Mail Armor
53:46 Hand Cart
53:32 Town Patrol
53:52 Hand Cart
54:02 Ballistics
53:49 Siege Engineers
56:03 Cavalier
58:39 Hoardings
59:50 Chemistry
Connection lost

Rejoining the realm…

Still unreachable

The connection could not be restored.

Session expired

The server has moved on; the page needs a fresh start.